Unix NetHack Version 3.7.0-65 Work-in-progress - last build Oct 10 2022 05:34:18 (2afc5cfc90f7ecdc2856d9919a2295b875398e55,branch:master). Game began 2022-10-13 12:54:17, ended 2022-10-13 13:19:40. ichbinmiah, chaotic female human Rogue ----------- |?+++?????| |???????.?| ---------------- ------ ----- |?????????| |............... |....| .<..| |.........| |..............| ------ |....| |.(.| ----+------ #@o.............|# |..... |.....#####....| # d|...............####.....| |.>..| ----- # #-------------|-- #|..{.| --|--- ## # # #------ # # # # #### ### ###### # # # # ---.- ------# # ### ### |...| |....|# # # # |...|#####-....|# ## # # |...|# |.....# ------|- # -.-.------ |....# ------ |{....%| ### #|........| |...| |{.....| ###-........| ----- |......+ |..>...... -------- ---------- Ichbinmiah the Cutpurse St:12 Dx:17 Co:14 In:9 Wi:12 Ch:12 Chaotic Dlvl:4 $:0 HP:0(24) Pw:15(15) AC:7 Xp:3/78 T:2359 Latest messages: This door is locked. Unlock it with your key? [ynq] (q) You succeed in unlocking the door. The door opens. In what direction? The door resists! In what direction? The door closes. What do you want to use or apply? [bjksy or ?*] In what direction? Lock it? [ynq] (q) You succeed in locking the door. You see here 7 crossbow bolts. J - 7 crossbow bolts. You hit the lichen. You miss the lichen. You kill the lichen! You see here a lichen corpse. There is a lichen corpse here; eat it? [ynq] (n) This lichen corpse tastes terrible! You finish eating the lichen corpse. You attack thin air. You attack thin air. You attack thin air. Where do you want to travel to? (For instructions type a '?') You hear someone cursing shoplifters. The hobgoblin swings his curved sword. The hobgoblin just misses! What do you want to throw? [aJ or ?*] In what direction? You throw 2 daggers. The 1st dagger hits the hobgoblin. The 2nd dagger hits the hobgoblin. The hobgoblin swings his curved sword. The hobgoblin hits! What do you want to throw? [aJ or ?*] In what direction? The dagger hits the hobgoblin. The hobgoblin swings his curved sword. The hobgoblin hits! You stop. YipYip is in the way! The hobgoblin swings his curved sword. The hobgoblin hits! You die... Do you want your possessions identified? [ynq] (y) Do you want to see your attributes? [ynq] (y) Do you want an account of creatures vanquished? [ynaq] (y) Do you want to see your conduct and achievements? [ynq] (y) Do you want to see the dungeon overview? [ynq] (y) Inventory: Weapons J - 7 uncursed +0 crossbow bolts a - 9 uncursed +0 daggers (wielded) Armor c - an uncursed +1 leather armor (being worn) Wands y - an uncursed wand of digging (0:4) Tools j - an uncursed sack containing 21 items b - an uncursed blindfold s - an uncursed lock pick k - an uncursed skeleton key Contents of the sack: 75 gold pieces 11 uncursed +0 darts 5 cursed -2 darts 2 uncursed poisoned +0 darts an uncursed +0 dagger an uncursed +0 short sword an uncursed +0 orcish helm 4 uncursed food rations an uncursed tin of newt meat an uncursed scroll of create monster an uncursed scroll of earth a blessed scroll of fire a blessed scroll of identify an uncursed scroll of identify an uncursed potion of sickness a potion of unholy water an uncursed +0 ring of gain constitution an uncursed wand of cancellation (0:5) 2 cursed chrysoberyl stones an uncursed garnet stone 2 uncursed worthless pieces of red glass Ichbinmiah the Rogue's attributes: Background: You were a Cutpurse, a level 3 female human Rogue. You were chaotic, nominally on a mission for Kos who was opposed by Issek (lawful) and Mog (neutral). You were in the Dungeons of Doom, on level 4. You entered the dungeon 2359 turns ago. You had 78 experience points, 2 more were needed to attain level 4. Basics: You had 0 out of 24 hit points. You had all 15 energy points (spell power). Your armor class was 7. Your wallet was empty. Autopickup was on for '$?!/="+*' plus thrown, with exceptions. Final Characteristics: Your strength was 12 (limit:18/100). Your dexterity was 17 (limit:18). Your constitution was 14 (limit:18). Your intelligence was 9 (limit:18). Your wisdom was 12 (limit:18). Your charisma was 12 (limit:18). Final Status: You were not hungry. You were unencumbered. You were wielding daggers. You had basic skill with dagger. Final Attributes: You were piously aligned. You were stealthy. You were warded. You are dead. Miscellaneous: You disabled loading of bones levels. Total elapsed playing time was 25 minutes and 22 seconds. Major events: Turn 1: ichbinmiah the chaotic female human Rogue entered the dungeon 1639: attained the rank of Cutpurse (level 3) 1892: entered the Gnomish Mines 2359: killed by a hobgoblin Vanquished creatures: a kitten a homunculus a kobold leader an acid blob a hobgoblin a garter snake a gnome zombie a gecko 6 jackals a fox 2 goblins a sewer rat 4 grid bugs 7 lichens 2 kobold zombies 8 newts 39 creatures vanquished. No species were genocided or became extinct. Voluntary challenges: You were an atheist. You read items or engraved 4 times. You engraved Elbereth 3 times. You never genocided any monsters. You never polymorphed an object. You never changed form. You used no wishes. Achievements: You entered a shop. You attained the rank of Cutpurse. You entered the Gnomish Mines. The Dungeons of Doom: levels 1 to 5 Level 1: Some fountains. Level 2: A potion shop, a fountain. Level 3: A general store. Level 4: <- You were here. A scroll shop, some fountains, a sink. Stairs down to The Gnomish Mines. Final resting place for you, killed by a hobgoblin. Level 5: The Gnomish Mines: Level 5: Game over: ---------- / \ / REST \ / IN \ / PEACE \ / \ | ichbinmiah | | 75 Au | | killed by a | | hobgoblin | | | | | | 2022 | *| * * * | * _________)/\\_//(\/(/\)/\//\/|_)_______ Goodbye ichbinmiah the Rogue... You died in The Dungeons of Doom on dungeon level 4 with 590 points, and 75 pieces of gold, after 2359 moves. You were level 3 with a maximum of 24 hit points when you died.